 Dungeon Crawl Stone Soup version 0.29-a0-234-g0dae59b3db (webtiles) character file.

Game seed: 18051000598846776250

2 sammy202020 the Skirmisher (level 1, -2/27 HPs)
             Began as a Demonspawn Berserker on Mar 2, 2022.
             Was a Follower of Trog.
             Slain by a kobold
             ... wielding a +0 short sword
              (3 damage)
             ... on level 1 of the Dungeon.
             The game lasted 00:00:15 (91 turns).

sammy202020 the Skirmisher (Demonspawn Berserker)     Turns: 91, Time: 00:00:16

Health: -2/27      AC:  2    Str: 17    XL:     1   Next: 25%
Magic:  1/1        EV: 12    Int:  8    God:    Trog [*.....]
Gold:   0          SH:  0    Dex: 12    Spells: 0/0 levels left

rFire   . . .      SeeInvis .   a - +0 mace
rCold   . . .      Faith    .   (no shield)
rNeg    . . .      Spirit   .   b - +0 animal skin
rPois   .          Reflect  .   (no helmet)
rElec   .          Harm     .   (no cloak)
rCorr   .          Rampage  .   (no gloves)
Will    .....                   (no boots)
Stlth   ..........              (no amulet)
HPRegen 0.09/turn               (no ring)
MPRegen 0.07/turn               (no ring)

@: berserking, very quick
A: no striking features
a: Renounce Religion, Berserk


You were on level 1 of the Dungeon.
You worshipped Trog.
Trog was aware of your devotion.
You visited 1 branch of the dungeon, and saw 1 of its levels.

Inventory:

Hand Weapons
 a - a +0 mace (weapon)
Armour
 b - a +0 animal skin (worn)


   Skills:
 + Level 3.0 Fighting
 + Level 2.7 Maces & Flails
 + Level 1.8 Armour
 + Level 1.8 Dodging


You couldn't memorise any spells.
You didn't know any spells.
Your spell library was empty.

Dungeon Overview and Level Annotations

Branches:
Dungeon (1/15)

Altars:


Message History

You hit the jackal.
The jackal is severely wounded.
You hear a shout!
The jackal barely misses you.
A kobold comes into view. It is wielding a +0 short sword.
The jackal closely misses you.
The jackal bites you but does no damage. x2
The jackal bites you.
The jackal pauses to sniff the ground.
A goblin comes into view. It is wielding a +0 club.
The jackal bites you. The jackal bites you. The jackal bites you.
The jackal closely misses you.
You closely miss the jackal. The jackal bites you.
The jackal barely misses you. x2; The jackal closely misses you.
The jackal bites you. The kobold hits you but does no damage.
The kobold hits you with a +0 short sword.
* * * LOW HITPOINT WARNING * * *
You see here a rat corpse.
The kobold barely misses you. The jackal bites you.
* * * LOW HITPOINT WARNING * * *
The jackal misses you.
A red film seems to cover your vision as you go berserk!
You feel yourself moving faster!
You feel mighty! The jackal barely misses you.
You hit the jackal.
The jackal is severely wounded.
The jackal closely misses you.
You barely miss the jackal.
The jackal is severely wounded.
The jackal barely misses you.
You thump the jackal!
You kill the jackal!
Trog accepts your kill.
You closely miss the kobold. The kobold closely misses you.
You barely miss the kobold.
The kobold hits you with a +0 short sword.
* * * LOW HITPOINT WARNING * * *
You miss the kobold.
The kobold hits you with a +0 short sword.
You die...

#+ ..... .# ....
#######.# ...#
#.≈...##.##..#
#.#####.##.#..#
##.≈.##.#.#..#
#.###...#.'.#
#..<#.#.#.#.#
#.###.#.#.#@#
##...##.#.#K##
#.#####.##.#KJ#
#.....'#.##hh#
.#######.##.g.#
#.(.≈...##..#.#
#########.....#
........###........
........# #####.#.#


You could see an endoplasm, 2 jackals, a goblin and 2 kobolds.

Vanquished Creatures
  A jackal (D:1)
  A rat (D:1)
2 creatures vanquished.

Notes
Turn   | Place    | Note
-------+----------+-------------------------------------------
     0 | D:1      | sammy202020 the Demonspawn Berserker began the quest for
                  | the Orb.
     0 | D:1      | Reached XP level 1. HP: 18/18 MP: 1/1
    90 | D:1      | HP: 1/27 [kobold/+0 short sword (4)]
    91 | D:1      | Slain by a kobold

Illustrated notes

Levels and vault maps discovered:
D:1:      evilmike_arrival_rings, layout_loops_ring

Action                   || total
-------------------------++-------
Melee: Mace              ||    10
Invok: Berserk           ||     1
Armor: Animal skin       ||     3
Dodge: Dodged            ||    13

Table legend: (Time is in decaauts)
 A = Elapsed time spent in this place.
 B = Non-inter-level travel time spent in this place.
 C = Inter-level travel time spent in this place.
 D = Time resting spent in this place.
 E = Time spent auto-exploring this place.
 F = Levels seen in this place.
 G = Mean time per level.
                   A        B        C        D        E       F      G
               +--------+--------+--------+--------+--------+-----+--------+
         Total |     91 |     91 |      0 |      0 |     52 |   1 |   91.0 |
       Dungeon |     91 |     91 |      0 |      0 |     52 |   1 |   91.0 |
               +--------+--------+--------+--------+--------+-----+--------+

Top non-repeatable levels by time:
     D:1: 91 daAuts
